Map: Ruins of Seras

Players

Shamanas

  • Race: Protoss Protoss

ForgottenOne - Winner!

  • Race: Terran Terran

VOD

Have the link to the VOD?

Description

Time

  • Played on: May 3, 2015, 4:46 a.m.
  • Length: 9:46
Show
View Real Time Build Order
Export as new Build Order

Shamanas Protoss 

Build Orders: 1 Gate Expand 

Get SALT Encoding   

  12  0:01  Probe  
  13  0:13  Pylon  
  13  0:18  Probe  
  14  0:31  Probe (Chrono Boost)  
  14  0:35  Gateway  
  16  0:43  Probe (Chrono Boost)  
  16  0:51  Probe (Chrono Boost)  
  17  1:00  Probe (Chrono Boost)  
  19  1:12  Probe (Chrono Boost)  
  19  1:19  Nexus  
  19  1:22  Probe  
  20  1:30  Pylon  
  20  1:34  Probe  
  20  1:38  Assimilator  
  21  1:42  Assimilator  
  21  1:46  Probe (Chrono Boost)  
  22  1:50  Zealot  
  24  1:58  Probe (Chrono Boost)  
  25  2:05  Cybernetics Core  
  25  2:09  Pylon  
  25  2:12  Probe (Chrono Boost)  
  26  2:22  Probe (Chrono Boost)  
  27  2:42  Probe (Chrono Boost)  
  27  2:43  Mothership Core (Chrono Boost)  
  30  2:48  Warp Gate (Chrono Boost)  
  30  2:57  Probe  
  30  2:58  Probe  
  29  3:11  Stalker (Chrono Boost)  
  31  3:15  Probe (Chrono Boost)  
  31  3:18  Assimilator  
  33  3:20  Probe (Chrono Boost)  
  33  3:22  Assimilator  
  33  3:26  Probe (Chrono Boost)  
  34  3:29  Stargate  
  34  3:31  Gateway  
  34  3:32  Gateway  
  34  3:33  Probe  
  35  3:39  Probe (Chrono Boost)  
  36  3:42  Stalker  
  39  3:50  Probe (Chrono Boost)  
  39  3:51  Probe (Chrono Boost)  
  40  3:59  Probe x2 (Chrono Boost)  
  40  4:00  Pylon  
  42  4:08  Probe (Chrono Boost)  
  43  4:12  Probe (Chrono Boost), Phoenix  
  46  4:20  Probe (Chrono Boost)  
  46  4:22  Robotics Facility  
  48  4:25  Probe (Chrono Boost)  
  48  4:31  Probe  
  49  4:32  Probe  
  49  4:37  Pylon  
  50  4:41  Phoenix  
  50  4:44  Probe (Chrono Boost)  
  54  4:48  Probe (Chrono Boost)  
  54  5:03  Stalker x3, Pylon  
  54  5:06  Immortal (Chrono Boost)  
  64  5:20  Probe x2  
  66  5:26  Void Ray (Chrono Boost)  
  70  5:30  Pylon  
  70  5:32  Probe x2  
  72  5:38  Sentry x2  
  76  5:48  Robotics Bay, Warp Prism (Chrono Boost)  
  54  6:04  Zealot x3  
  50  6:14  Void Ray (Chrono Boost)  
  52  6:26  Stalker x3  
  52  6:32  Immortal (Chrono Boost)  
  62  6:44  Nexus  
  62  6:46  Probe x2  
  64  6:50  Sentry x2  
  68  6:55  Sentry  
  70  7:02  Probe x2  
  70  7:05  Disruptor  
  70  7:06  Pylon  
  76  7:11  Disruptor (Chrono Boost)  
  75  7:21  Zealot  
  75  7:27  Zealot x2  
  73  7:33  Pylon  
  73  7:35  Pylon  
  63  7:43  Stalker  
  59  7:49  Zealot x2  
  59  8:01  Void Ray  
  59  8:05  Stalker  
  69  8:07  Stalker, Disruptor (Chrono Boost)  
  69  8:10  Nexus  
  69  8:12  Pylon  
  69  8:14  Zealot  
  67  8:25  Zealot  
  59  8:27  Zealot  
  56  8:34  Stalker  
  58  8:41  Gateway  
  58  8:42  Disruptor  
  58  8:44  Gateway  
  58  8:47  Gateway  
  58  8:49  Gateway  
  58  8:51  Stalker x2  
  62  8:56  Immortal (Chrono Boost)  
  62  8:58  Stalker  
  68  9:03  Gateway  
  68  9:06  Twilight Council  
  68  9:09  Stalker x2  
  66  9:26  Zealot  
  54  9:33  Zealot  
Show
View Real Time Build Order
Export as new Build Order

ForgottenOne Terran - Winner!

Build Orders: Reaper Expand, MMM Bio 

Get SALT Encoding   

  12  0:01  SCV  
  13  0:13  SCV  
  14  0:19  Supply Depot  
  14  0:25  SCV  
  15  0:40  SCV  
  15  0:42  Barracks  
  16  0:44  Refinery  
  16  0:52  SCV  
  17  1:04  SCV  
  18  1:16  SCV  
  19  1:29  Orbital Command  
  19  1:30  Reaper  
  20  1:47  Command Center  
  20  1:51  Supply Depot  
  20  1:54  SCV  
  21  2:05  Barracks Reactor  
  22  2:08  SCV  
  22  2:10  Barracks  
  22  2:18  Barracks  
  22  2:21  SCV  
  23  2:28  Missile Turret  
  23  2:56  SCV  
  24  3:09  Barracks Tech Lab x2, Marine x2  
  24  3:12  SCV, Orbital Command  
  26  3:22  Refinery  
  26  3:24  SCV, Factory  
  27  3:28  Stimpack  
  27  3:29  Marine x4  
  31  3:36  SCV  
  31  3:39  SCV  
  33  3:42  Refinery  
  33  3:47  Marine x4  
  38  3:48  SCV  
  38  3:50  Combat Shields  
  38  3:54  SCV  
  39  4:00  SCV  
  40  4:06  SCV, Marine x3  
  40  4:07  Marine  
  45  4:10  Starport  
  45  4:12  SCV  
  45  4:14  Factory Reactor  
  46  4:21  Supply Depot  
  46  4:22  Supply Depot  
  46  4:43  SCV x2, Marauder x2, Marine x2  
  54  4:45  Supply Depot  
  54  4:53  Medivac x2  
  54  4:55  SCV x2  
  60  5:01  Marine x2  
  62  5:07  SCV x2  
  64  5:17  Missile Turret  
  64  5:19  SCV x2  
  70  5:21  Marauder x2  
  70  5:26  Concussive Shells  
  70  5:31  Supply Depot, SCV x2, Marine x2  
  70  5:32  Supply Depot  
  70  5:33  Medivac  
  70  5:34  Medivac  
  78  5:52  SCV  
  73  6:01  Marine x2  
  73  6:02  Marauder x2  
  69  6:18  Marine  
  69  6:19  Marine  
  69  6:23  Marine x2  
  69  6:24  SCV x2  
  72  6:25  Medivac  
  72  6:26  Medivac  
  74  6:36  Marine x2  
  76  6:41  Marauder  
  76  6:42  Engineering Bay, Marauder  
  76  6:43  Engineering Bay  
  76  6:46  SCV  
  81  6:48  Command Center  
  81  6:54  Marine x2  
  81  6:56  SCV  
  81  6:58  SCV  
  85  7:22  Marine x2  
  89  7:23  Marauder x2  
  88  7:36  Medivac  
  82  7:39  Marine  
  82  7:40  Marine  
  81  7:44  Marauder x2  
  81  7:47  Medivac  
  82  7:57  Marine x2  
  84  8:01  Orbital Command  
  84  8:06  Medivac  
  83  8:30  Orbital Command  
  83  8:33  Marine x2  
  83  8:34  SCV x2, Marauder x2  
  88  8:39  Barracks  
  88  8:40  Barracks x2  
  89  8:44  Medivac x2  
  89  8:46  SCV x2  
  95  8:51  Marine x2  
  95  8:55  Marauder x2  
  101  8:58  SCV x2  
  101  8:59  SCV  
  104  9:09  Marine x2  
  106  9:10  SCV  
Tags
 
Add a new tag
Caveats
  • Supply blocks, unpowered buildings, or Contaminate may cause inaccurate times.
  • Supply counts are checked every 10 seconds.